 Dungeon Crawl Stone Soup version 0.21.1-1-g345015f (webtiles) character file.

264 tidbits the Covert (level 6, 0/50 HPs)
             Began as a Gnoll Assassin on Mar 31, 2018.
             Slain by a hound skeleton (2 damage)
             ... on level 4 of the Dungeon.
             The game lasted 00:07:02 (669 turns).

tidbits the Covert (Gnoll Assassin)                  Turns: 669, Time: 00:07:02

Health: 0/50       AC:  3    Str: 13    XL:     6   Next: 19%
Magic:  8/8        EV: 13    Int: 16    God:
Gold:   96         SH:  0    Dex: 16    Spells: 8/8 levels left

rFire    . . .     SeeInvis .   a - +2 dagger
rCold    . . .     Gourm    .   (no shield)
rNeg     . . .     Faith    .   c - +0 robe
rPois    .         Spirit   .   (no helmet)
rElec    +         Reflect  .   d - +0 cloak
rCorr    .         Harm     .   (no gloves)
MR       .....                  (no boots)
Stlth    +++++.....             (no amulet)
HPRegen  0.16/turn              j - ring of stealth
MPRegen  0.11/turn              (no ring)

@: no status effects
A: distributed training, fangs 1, blurry vision 1, electricity resistance,
strong nose
a: no special abilities


You were on level 4 of the Dungeon.
You were not hungry.

You visited 1 branch of the dungeon, and saw 6 of its levels.

You collected 96 gold pieces.

Inventory:

Hand Weapons
 a - a +2 dagger (weapon)
 b - a +0 blowgun
Missiles
 e - 6 poisoned needles
 f - a curare-tipped needle
 m - 5 javelins of returning (quivered)
Armour
 c - a +0 robe (worn)
 d - a +0 cloak (worn)
Jewellery
 j - a ring of stealth (left hand)
   (You found it on level 5 of the Dungeon)
Scrolls
 i - 2 scrolls of amnesia
 k - a scroll of identify
 l - a scroll of enchant weapon
 n - 2 scrolls of teleportation
 o - a scroll of fog
Potions
 h - a potion of brilliance
 p - 2 potions of flight
Comestibles
 g - 3 rations


   Skills:
 + Level 4.9 Fighting
 + Level 4.9 Short Blades
 + Level 1.8 Long Blades
 + Level 1.8 Axes
 + Level 1.8 Maces & Flails
 + Level 1.8 Polearms
 + Level 1.8 Staves
 + Level 1.8 Slings
 + Level 1.8 Bows
 + Level 1.8 Crossbows
 + Level 4.9 Throwing
 + Level 1.8 Armour
 + Level 3.1 Dodging
 + Level 8.0 Stealth
 + Level 1.8 Shields
 + Level 1.8 Unarmed Combat
 + Level 1.8 Spellcasting
 + Level 1.4 Conjurations
 + Level 1.4 Hexes
 + Level 1.4 Charms
 + Level 1.4 Summonings
 + Level 1.4 Necromancy
 + Level 1.4 Translocations
 + Level 1.4 Transmutations
 + Level 1.4 Fire Magic
 + Level 1.4 Ice Magic
 + Level 1.4 Air Magic
 + Level 1.4 Earth Magic
 + Level 1.4 Poison Magic
 + Level 2.0 Invocations
 + Level 1.8 Evocations


You had 8 spell levels left.
You didn't know any spells.

Dungeon Overview and Level Annotations

Branches:
Dungeon (6/15)
 Temple: D:4-7

Altars:
Fedhas
Makhleb
Uskayaw

Annotations:
D:4 bmj180's ghost, amateur GrEE


Innate Abilities, Weirdness & Mutations

Your experience applies equally to all skills.
You have very sharp teeth.
Your uncanny sense of smell can sniff out nearby items.
Scrolls take you a little longer to read.
You are resistant to electric shocks. (rElec)


Message History

You kill the jackal!
You hit the jackal.
The jackal is severely wounded.
The jackal misses you.
You closely miss the jackal. You bite the jackal, but do no damage.
The jackal is severely wounded.
The jackal barely misses you.
You closely miss the jackal.
The jackal is severely wounded.
The jackal bites you.
* * * LOW HITPOINT WARNING * * *
You hit the jackal.
You kill the jackal!
The helpless frilled lizard fails to defend itself.
You perforate the frilled lizard like a sieve!!!
You kill the frilled lizard!
Found a leather armour.
Found a scroll of identify.
You see here a scroll of identify.
You don't have any unidentified items.
Unknown command.
k - a scroll of identify
There is a stone staircase leading up here.
You climb upwards.
The kobold shouts!
An adder comes into view.
The adder hisses angrily.
The goblin shouts!
The kobold throws a stone.
The stone completely misses you.
Found a stone and a scroll of identify.
Found a stone staircase leading up.
There is a stone staircase leading down here.
The adder barely misses you.
You climb downwards.
Level annotation: bmj180's ghost, amateur GrEE
There is a stone staircase leading up here.
Unknown command.
A frilled lizard comes into view.
Found a scroll labeled DEITRIM QUREQY.
Found an escape hatch in the ceiling.
A worker ant comes into view.
Found 15 arrows.
The helpless frilled lizard fails to defend itself.
You skewer the frilled lizard like a kebab!!!
You kill the frilled lizard!
A hound and a skeleton come into view.
Found a papyrus book.
Unknown command.
The helpless worker ant fails to defend itself.
You stick the worker ant like a pincushion!!!
You kill the worker ant!
Your Stealth skill increases to level 8!
You have reached level 6!
Your experience leads to an increase in your attributes!
Increase (S)trength, (I)ntelligence, or (D)exterity?
You feel clever.
You see here 15 arrows.
The hound barks!
You hit the hound skeleton.
The hound skeleton is lightly damaged.
The hound skeleton bites you but does no damage.
b - a +0 blowgun (weapon)
The hound skeleton bites you but does no damage.
Firing (i - inventory. (,) - cycle):
f - 2 curare-tipped needles (quivered)
Press: ? - help, Shift-Dir - straight line, f - hound
Aim: a hound You shoot a curare-tipped needle.
The curare-tipped needle hits the hound.
The hound is poisoned.
The hound convulses.
The hound seems to slow down.
The hound is heavily wounded.
The hound skeleton bites you.
* * * LOW HITPOINT WARNING * * *
Firing (i - inventory. (,) - cycle):
f - a curare-tipped needle (quivered)
Press: ? - help, Shift-Dir - straight line, f/p - hound
Aim: a hound (severely wounded, slow, poisoned)
Okay, then.
Wield which item (- for none, * to show all)? (? for menu, Esc to quit)
a - a +2 dagger (weapon)
The hound bites you.
* * * LOW HITPOINT WARNING * * *
The hound skeleton bites you.
* * * LOW HITPOINT WARNING * * *
Okay, then.
You don't know any spells.
You hit the hound. Your bite misses the hound.
The hound is severely wounded.
The hound skeleton misses you. The hound misses you.
You hit the hound.
The hound is almost dead.
The hound skeleton closely misses you.
You completely miss the hound.
The hound is almost dead.
The hound closely misses you.
You completely miss the hound.
The hound is almost dead.
The hound skeleton misses you. The hound bites you.
* * * LOW HITPOINT WARNING * * *
You hit the hound.
You kill the hound!
Your Invocations skill increases to level 2!
The hound skeleton bites you.
You die...

##. # ########### ...
..#.#.........# ...
..#.#..:......# ...
.............# ...
#.............# ... #.
#........?.# ...
#####.#....Z.....#
.[.##...........@.....#
#......##..##†.(......#
.....#.#...##...(.....#
.........#..###.<######
.............###.#
...#..#..##......#
......#.#.......##
........#.......#
#...............#


You could see a hound skeleton.

Vanquished Creatures
  A scorpion (D:2)
  A bullfrog skeleton (D:5)
  A jelly (D:5)
  A hound (D:4)
  An orc priest (D:4)
  An orc wizard (D:4)
  A worker ant (D:4)
  An adder (D:3)
  2 adder skeletons (D:4)
  A dart slug (D:1)
  A leopard gecko (D:5)
  3 orcs
  A bat (D:2)
  3 goblins
  3 hobgoblins
  7 jackals
  A quokka (D:2)
  2 frilled lizards (D:4)
  A rat (D:1)
33 creatures vanquished.

Notes
Turn   | Place    | Note
-------+----------+-------------------------------------------
     0 | D:1      | tidbits the Gnoll Assassin began the quest for the Orb.
     0 | D:1      | Reached XP level 1. HP: 20/20 MP: 1/1
    30 | D:1      | Reached XP level 2. HP: 26/26 MP: 2/2
   135 | D:2      | Found a burning altar of Makhleb.
   166 | D:2      | Noticed a scorpion
   175 | D:2      | Killed a scorpion
   175 | D:2      | Reached skill level 1 in Long Blades
   175 | D:2      | Reached skill level 1 in Axes
   175 | D:2      | Reached skill level 1 in Maces & Flails
   175 | D:2      | Reached skill level 1 in Polearms
   175 | D:2      | Reached skill level 1 in Staves
   175 | D:2      | Reached skill level 1 in Slings
   175 | D:2      | Reached skill level 1 in Bows
   175 | D:2      | Reached skill level 1 in Crossbows
   175 | D:2      | Reached skill level 1 in Armour
   175 | D:2      | Reached skill level 1 in Shields
   175 | D:2      | Reached skill level 1 in Unarmed Combat
   175 | D:2      | Reached skill level 1 in Spellcasting
   175 | D:2      | Reached skill level 1 in Invocations
   175 | D:2      | Reached skill level 1 in Evocations
   175 | D:2      | Reached XP level 3. HP: 12/31 MP: 2/4
   175 | D:2      | Reached XP level 4. HP: 15/38 MP: 2/5
   188 | D:2      | Found a hide-covered altar of Uskayaw.
   237 | D:4      | Reached skill level 1 in Conjurations
   237 | D:4      | Reached skill level 1 in Hexes
   237 | D:4      | Reached skill level 1 in Charms
   237 | D:4      | Reached skill level 1 in Summonings
   237 | D:4      | Reached skill level 1 in Necromancy
   237 | D:4      | Reached skill level 1 in Translocations
   237 | D:4      | Reached skill level 1 in Transmutations
   237 | D:4      | Reached skill level 1 in Fire Magic
   237 | D:4      | Reached skill level 1 in Ice Magic
   237 | D:4      | Reached skill level 1 in Air Magic
   237 | D:4      | Reached skill level 1 in Earth Magic
   237 | D:4      | Reached skill level 1 in Poison Magic
   382 | D:4      | Noticed an ogre
   382 | D:4      | Noticed bmj180's ghost (amateur GrEE)
   388 | D:5      | Entered Level 5 of the Dungeon
   492 | D:6      | Noticed an ice beast
   510 | D:6      | Found a blossoming altar of Fedhas.
   516 | D:6      | Noticed an orc warrior
   518 | D:6      | Noticed a bullfrog
   521 | D:5      | Reached XP level 5. HP: 22/43 MP: 5/7
   529 | D:5      | HP: 3/43 [bullfrog skeleton (7)]
   531 | D:5      | Reached skill level 3 in Dodging
   589 | D:4      | Gained mutation: Scrolls take you a little longer to read. [potion of mutation]
   589 | D:4      | Gained mutation: You are resistant to electric shocks. (rElec) [potion of mutation]
   658 | D:4      | Reached skill level 8 in Stealth
   658 | D:4      | Reached XP level 6. HP: 14/50 MP: 8/8
   664 | D:4      | HP: 5/50 [hound skeleton (1)]
   668 | D:4      | HP: 2/50 [hound (4)]
   669 | D:4      | Reached skill level 2 in Invocations
   669 | D:4      | Slain by a hound skeleton

Skill      XL: |  1  2  3  4  5  6 |
---------------+-------------------+-----
Long Blades    | 1 |  1.8
Axes           | 1 |  1.8
Maces & Flails | 1 |  1.8
Polearms       | 1 |  1.8
Staves         | 1 |  1.8
Slings         | 1 |  1.8
Bows           | 1 |  1.8
Crossbows      | 1 |  1.8
Armour         | 1 |  1.8
Shields        | 1 |  1.8
Unarmed Combat | 1 |  1.8
Spellcasting   | 1 |  1.8
Invocations    | 1 2 |  2.0
Evocations     | 1 |  1.8
Conjurations   | 1 |  1.4
Hexes          | 1 |  1.4
Charms         | 1 |  1.4
Summonings     | 1 |  1.4
Necromancy     | 1 |  1.4
Translocations | 1 |  1.4
Transmutations | 1 |  1.4
Fire Magic     | 1 |  1.4
Ice Magic      | 1 |  1.4
Air Magic      | 1 |  1.4
Earth Magic    | 1 |  1.4
Poison Magic   | 1 |  1.4
Dodging        | 3 |  3.1
Stealth        | 8 |  8.0
Fighting       | |  4.9
Short Blades   | |  4.9
Throwing       | |  4.9

Action                   |  1- 3 |  4- 6 || total
-------------------------+-------+-------++-------
Melee: Dagger            |    45 |    47 ||    92
       Bite              |     1 |     3 ||     4
       Punch             |       |     1 ||     1
 Fire: Blowgun           |     6 |     3 ||     9
Throw: Javelin           |       |    13 ||    13
  Use: Scroll            |       |     7 ||     7
       Potion            |       |     3 ||     3
 Stab: Sleeping          |     4 |     7 ||    11
       Distracted        |       |     1 ||     1
Armor: Robe              |    10 |    10 ||    20
Dodge: Dodged            |    24 |    31 ||    55

Table legend:
 A = Turns spent in this place as a percentage of turns spent in the entire game.
 B = Non-inter-level travel turns spent in this place as a percentage of non-inter-level travel turns spent in the entire game.
 C = Inter-level travel turns spent in this place as a percentage of turns spent in this place.
 D = Turns resting spent in this place as a percentage of non-inter-level travel turns spent in this place.
 E = Turns spent auto-exploring this place as a percentage of non-inter-level travel turns spent in this place.
 F = Non-inter-level travel turns spent in this place divided by the number of levels of this place that you've seen.
                   A       B       C       D       E      F
               +-------+-------+-------+-------+-------+----------------------
         Total | 100.0 | 100.0 |   0.0 |   0.0 |   0.0 | 111.5
       Dungeon | 100.0 | 100.0 |   0.0 |   0.0 |   0.0 | 111.5
               +-------+-------+-------+-------+-------+----------------------

Table legend:
 A = Kills in this place as a percentage of kills in entire the game.
 B = Kills by you in this place as a percentage of kills by you in the entire game.
 C = Kills by friends in this place as a percentage of kills by friends in the entire game.
 D = Other kills in this place as a percentage of other kills in the entire game.
 E = Experience gained in this place as a percentage of experience gained in the entire game.
 F = Experience gained in this place divided by the number of levels of this place that you have seen.
                   A       B       C       D       E      F
               +-------+-------+-------+-------+-------+----------------------
         Total | 100.0 | 100.0 |   N/A |   N/A | 100.0 |  63.0
       Dungeon | 100.0 | 100.0 |   N/A |   N/A | 100.0 |  63.0
               +-------+-------+-------+-------+-------+----------------------

Vault maps used:
D:1:      dpeg_arrival_long_road, serial_park_tiny_pond
D:2:      yredelemnul_forgotten_temple_becter, bloody_makhleb,
          lemuel_doored_altar, minmay_stone_trees_small
D:3:      lemuel_coloured_pillars_altar, overflow_temple_1_default
D:4:      first_ration
D:5:      kennysheep_mini_moat, serial_shops, shop, kennysheep_flooded_box,
          minmay_crystal_room
D:6:      palyth_temple_overflow_mages, old_standard_altar,
          minmay_temple_entry_trees, uniq_edmund, uniq_duvessa, uniq_sigmund
